Map: Lerilakgipfel

Players

kiLLer

  • Race: Terran Terran
  • League: Silver

LingKing - Winner!

  • Race: Zerg Zerg

VOD

Have the link to the VOD?

Description

Time

  • Played on: Nov. 17, 2015, 5:40 p.m.
  • Length: 11:54
Show
View Real Time Build Order
Export as new Build Order

kiLLer Terran 

Build Orders: 1/1/1, MMM Bio, Widow Mine Drop 

Get SALT Encoding   

  12  0:03  SCV  
  13  0:15  SCV  
  14  0:22  Supply Depot  
  14  0:27  SCV  
  15  0:33  Refinery  
  15  0:44  SCV  
  15  0:48  Barracks  
  16  0:56  SCV  
  17  1:08  SCV  
  18  1:11  Supply Depot  
  18  1:22  Refinery  
  18  1:30  SCV  
  19  1:37  Factory  
  19  1:42  SCV  
  19  1:47  Marine  
  21  1:56  SCV  
  22  2:08  SCV, Marine  
  24  2:20  SCV  
  24  2:22  Starport  
  25  2:23  Widow Mine  
  27  2:31  Barracks  
  27  2:35  Barracks  
  27  2:39  Barracks Tech Lab  
  27  2:53  Widow Mine  
  29  2:58  Medivac  
  29  3:04  Supply Depot  
  31  3:08  Orbital Command  
  31  3:43  Marine x3  
  31  3:46  Stimpack  
  30  4:33  Marine  
  30  4:34  Marine x2  
  33  4:44  Barracks  
  33  4:46  Barracks x2  
  33  4:51  Marine  
  32  5:27  Command Center  
  32  5:35  Barracks Reactor  
  32  5:36  Barracks Reactor, Barracks Tech Lab  
  32  5:37  Barracks Reactor  
  32  5:43  Factory Tech Lab  
  32  5:56  Supply Depot  
  32  6:00  Engineering Bay  
  32  6:12  Medivac  
  34  6:19  Marine x2, Marauder  
  34  6:20  Marine x5  
  43  6:31  Supply Depot  
  43  6:37  Supply Depot, Marine x3  
  43  6:38  Marine x2  
  43  6:39  SCV  
  49  6:40  Marauder  
  49  6:43  SCV  
  52  6:51  SCV  
  53  6:55  SCV  
  53  7:00  Siege Tank  
  57  7:01  Marauder  
  57  7:03  SCV  
  60  7:15  SCV  
  61  7:19  SCV  
  62  7:23  Marauder  
  62  7:27  Terran Infantry Weapons Level 1, SCV  
  65  7:31  SCV  
  65  7:33  Missile Turret  
  66  7:39  SCV  
  67  7:45  Combat Shields  
  67  7:48  Marauder  
  67  7:49  Marine  
  67  7:50  Marine x4  
  67  7:51  Marine  
  75  7:56  Supply Depot  
  75  8:02  Supply Depot  
  75  8:09  Marauder  
  77  8:18  Medivac  
  79  8:31  Marauder  
  81  8:41  Marine x2  
  81  8:42  Marine x5  
  81  8:48  Medivac  
  90  8:52  Marauder  
  90  8:53  Missile Turret  
  92  8:59  Marine x2  
  94  9:18  Command Center  
  94  9:21  Supply Depot, Terran Infantry Armor Level 1  
  94  9:24  Orbital Command  
  94  9:29  Supply Depot  
  94  9:34  Marine x3  
  94  9:35  Marauder  
  99  9:40  Marine x3  
  99  9:42  Marine  
  103  9:52  Marine x3  
  103  9:53  Supply Depot x2  
  103  9:56  Marauder  
  103  9:58  Marine x3  
  111  10:00  Marine  
  111  10:01  Medivac  
  114  10:10  Marine  
  115  10:18  Marauder  
  57  10:39  Marauder  
  45  10:49  Siege Tank  
  41  10:54  Marine x6  
  41  10:55  Marine  
  48  11:00  Marine  
  46  11:11  Marine  
  46  11:12  Marine  
  32  11:18  Marauder  
Show
View Real Time Build Order
Export as new Build Order

LingKing Zerg - Winner!

Build Orders: Hatch First 

Get SALT Encoding   

  12  0:01  Drone  
  13  0:13  Overlord  
  13  0:17  Drone  
  14  0:31  Drone  
  14  0:32  Drone  
  16  0:36  Drone  
  17  0:56  Hatchery  
  16  0:58  Drone  
  17  1:11  Spawning Pool  
  17  1:13  Drone  
  17  1:17  Drone  
  18  1:23  Overlord  
  18  1:30  Extractor  
  18  1:32  Drone  
  18  1:55  Drone  
  19  2:01  Queen  
  19  2:02  Zergling x2  
  19  2:03  Zergling x2  
  19  2:08  Queen  
  23  2:15  Drone x2  
  27  2:36  Drone x2  
  27  2:37  Drone x2  
  31  2:40  Metabolic Boost  
  31  2:43  Queen  
  33  2:49  Queen  
  33  2:51  Overlord  
  35  2:53  Drone  
  36  3:16  Drone x5  
  41  3:27  Drone x2  
  41  3:28  Drone  
  44  3:41  Overlord  
  44  3:42  Overlord  
  44  3:47  Roach Warren, Drone x2, Extractor  
  44  3:54  Overlord x2  
  44  4:03  Drone x3  
  47  4:13  Spore Crawler  
  46  4:33  Spore Crawler  
  45  4:39  Spore Crawler  
  43  4:57  Extractor  
  41  5:15  Roach x8  
  41  5:16  Roach x5  
  67  5:24  Spore Crawler  
  67  5:25  Drone x7  
  67  5:26  Spine Crawler  
  72  5:39  Drone x3  
  72  5:40  Overlord  
  75  5:59  Lair  
  75  6:00  Drone x3  
  75  6:01  Hatchery  
  77  6:07  Evolution Chamber  
  77  6:09  Drone x3  
  77  6:10  Drone  
  80  6:12  Extractor  
  79  6:19  Ravager  
  79  6:20  Ravager x3  
  83  6:51  Overlord x3  
  83  6:52  Overlord  
  83  7:10  Hatchery, Roach  
  83  7:11  Roach x9, Extractor  
  83  7:14  Glial Reconstitution, Extractor  
  100  7:15  Zerg Missile Weapons Level 1  
  100  7:21  Drone  
  100  7:22  Drone x3  
  104  7:34  Overlord x3  
  104  7:44  Roach  
  104  7:45  Roach x4  
  114  8:00  Drone x2  
  114  8:01  Drone  
  114  8:02  Drone x3  
  120  8:27  Drone x11  
  131  8:35  Tunneling Claws  
  131  8:37  Burrow  
  131  8:44  Infestation Pit  
  131  8:47  Roach x4  
  131  8:48  Roach x6  
  150  8:57  Overlord x2  
  150  8:58  Overlord  
  150  9:16  Roach x9  
  168  9:20  Overlord  
  168  9:21  Overlord  
  168  9:23  Overlord  
  168  9:33  Roach x3  
  174  9:42  Roach  
  174  9:43  Roach x5  
  186  9:47  Ravager  
  186  9:48  Ravager x7  
  186  9:49  Ravager x2  
  196  10:01  Roach  
  132  10:42  Zergling x20  
  136  10:43  Zergling x34  
  149  11:18  Roach  
  149  11:19  Roach x11  
  172  11:40  Spire  
  172  11:41  Spire  
Tags
 
Add a new tag
Caveats
  • Supply blocks, unpowered buildings, or Contaminate may cause inaccurate times.
  • Supply counts are checked every 10 seconds.